 Dungeon Crawl Stone Soup version 0.26-a0-639-g72c4674329 (webtiles) character file.

Game seed: 16087865400898348572

52818 Flugslaktarn the Cleaver (level 14, -7/139 HPs)
             Began as a Deep Dwarf Fighter on Sept 27, 2020.
             Was the Champion of Uskayaw.
             Mangled by an orc warrior
             ... wielding a +0 flail
             ... led by an orc warlord
              (14 damage)
             ... on level 2 of the Orcish Mines.
             The game lasted 00:10:18 (11570 turns).

Flugslaktarn the Cleaver (Deep Dwarf Fighter)      Turns: 11570, Time: 00:10:19

Health: -7/139     AC: 27    Str: 21    XL:     14   Next: 28%
Magic:  14/14      EV:  7    Int: 10    God:    Uskayaw [******]
Gold:   1358       SH: 12    Dex: 15    Spells: 13/13 levels left

rFire    + . .     SeeInvis +   C - +2 war axe (vamp)
rCold    . . .     Faith    .   c - +0 kite shield
rNeg     + . .     Spirit   .   b - +0 plate armour
rPois    .         Reflect  .   E - +2 helmet
rElec    .         Harm     .   p - +2 cloak
rCorr    .         Rampage  .   n - +2 pair of gloves
MR       ++...                  u - +0 pair of boots
Stlth    ..........             (no amulet)
HPRegen  0.00/turn              f - ring of protection from fire
MPRegen  0.14/turn              i - ring of see invisible

@: lethally poisoned (-7 -> -62), marked, non-regenerating
A: damage resistance, heal wounds, negative energy resistance 1, sense
surroundings 2, no regeneration
a: Heal Wounds, Stomp, Line Pass, Grand Finale, Renounce Religion


You were on level 2 of the Orcish Mines.
You worshipped Uskayaw.
Uskayaw was aware of your devotion.
You visited 3 branches of the dungeon, and saw 18 of its levels.

You collected 1446 gold pieces.
You spent 88 gold pieces at shops.

Inventory:

Hand Weapons
 C - a +2 vampiric war axe (weapon)
   (You took it off an orc on level 5 of the Dungeon)
Missiles
 a - 2 throwing nets (quivered)
Armour
 b - a +0 plate armour (worn)
   (You took it off an orc warrior on level 6 of the Dungeon)
 c - a +0 kite shield (worn)
 n - a +2 pair of gloves (worn)
   (You found it on level 8 of the Dungeon)
 p - a +2 cloak (worn)
   (You found it on level 4 of the Dungeon)
 u - a +0 pair of boots (worn)
   (You found it on level 4 of the Dungeon)
 E - a +2 helmet (worn)
   (You took it off Robin on level 3 of the Dungeon)
Jewellery
 f - a ring of protection from fire (left hand)
   (You found it on level 9 of the Dungeon)
 i - a ring of see invisible (right hand)
   (You found it on level 10 of the Dungeon)
Wands
 m - a wand of acid (4)
   (You found it on level 12 of the Dungeon)
 A - a wand of iceblast (6)
   (You found it on level 12 of the Dungeon)
 G - a wand of paralysis (6)
   (You found it on level 10 of the Dungeon)
 M - a wand of digging (4)
   (You took it off a centaur on level 15 of the Dungeon)
Scrolls
 o - a scroll of magic mapping
 r - 6 scrolls of identify
 t - 2 scrolls of teleportation
 x - 6 scrolls of remove curse
 y - 2 scrolls of holy word
 D - a scroll of fog
 H - a scroll of enchant weapon
 J - a scroll of silence
 K - a scroll of fear
 L - a scroll of enchant armour
Potions
 d - 2 potions of might
 e - 2 potions of stabbing
 g - 5 potions of flight
 h - a potion of haste
 j - 5 potions of lignification {unknown}
 k - a potion of ambrosia {unknown}
 l - 2 potions of brilliance {unknown}
 q - 6 potions of curing
 s - 2 potions of cancellation {unknown}
 v - 2 potions of invisibility {unknown}
 w - 2 potions of heal wounds
 z - 3 potions of resistance
 B - 2 potions of magic {unknown}
 I - a potion of mutation {unknown}
Miscellaneous
 F - a condenser vane (2/2)
   (You found it on level 15 of the Dungeon)


   Skills:
 * Level 12.6 Fighting
 * Level 14.5 Axes
 + Level 11.0 Armour
 + Level 2.6 Dodging
 + Level 11.1 Shields
 + Level 11.1 Invocations
 + Level 3.5 Evocations


You had 13 spell levels left.
You didn't know any spells.
Your spell library was empty.

Dungeon Overview and Level Annotations

Branches:
Dungeon (15/15)            Temple (1/1) D:4            Lair (0/6) D:8
    Orc (2/2) D:10            Elf (0/3) Orc:2        Vaults (0/5) D:14
 Depths (0/5) D:15

Altars:
Ashenzari
Cheibriados
Dithmenos
Elyvilon
Fedhas
Gozag
Hepliaklqana
Kikubaaqudgha
Makhleb
Nemelex Xobeh
Okawaru
Qazlal
Ru
Sif Muna
Trog
Uskayaw
Vehumet
Wu Jian
Xom
Yredelemnul
Zin
The Shining One

Shops:
D:4 (   D:7 *   Orc:1 :

Annotations:
D:6 1 runed translucent door, Lanoc's ghost, novice DEIE
D:8 exclusion: door
D:14 exclusion: 2 obsidian statues
D:15 exclusion: obsidian statue


Innate Abilities, Weirdness & Mutations

You are resistant to damage.
You can heal yourself by infusing magical energy.
You resist negative energy. (rN+)
You passively map the area around you.
You do not regenerate.


Message History

* * * LOW HITPOINT WARNING * * *
The orc warlord barely misses you. The orc warrior barely misses you.
The orc priest invokes the aid of Beogh against you.
You resist with almost no effort. The orc warrior barely misses you.
The orc warrior hits you but does no damage.
You feel much better.
You feel sick.
The orc warrior no longer looks unusually strong.
The centaur hits you but does no damage.
The orc warlord hits you from afar with a +1 halberd of venom!!
* * * LOW HITPOINT WARNING * * *
You are lethally poisoned!
The orc hits you but does no damage. You block the orc warrior's attack.
The centaur hits you.
* * * LOW HITPOINT WARNING * * *
The orc warrior hits you but does no damage.
The orc warlord roars a battlecry!
The orcs go into a battle-frenzy!
The orc priest hits you with a cursed -1 club.
The orc warrior hits you with a +0 flail!
You die...

, , ,, , , ,,** , ... ,
#.$...$. *, * ,,...
>......, , ....*##.....** *
* .....#...o.#* #
,....o##....## ,
,....oo.ooo..# ### # ,
....oo)oo..# ##.## ## ,
...oooo@co.###...# ##.
....o#[oo...#...## ##..
,,.....o#o.........####...
,,,.......#..........#....#
,........##.#...........#
,,...............#.....<.#
, ..$...............#.....
,, ............#..#...#.#..
............##....##...


You could see 2 orc warlords, 10 orc warriors, a centaur, 3 orc priests, an orc
wizard (fast, strong) and 5 orcs.

Vanquished Creatures
  Jorgrun (D:13)
  A frost giant (D:15)
  2 orc warlords (Orc:2)
  An ironheart preserver (D:14)
  An entropy weaver (D:12)
  Harold (D:8)
  An ice dragon (D:14)
  A hydra (D:14)
  A centaur warrior (D:15)
  2 two-headed ogres
  A queen ant (D:12)
  A tengu warrior (D:14)
  A hell knight (D:13)
  Sonja (Orc:2)
  2 orc knights (Orc:2)
  An orc sorcerer (Orc:2)
  A deep elf mage (D:15)
  2 manticores
  A cyclops (D:15)
  5 ugly things
  Maurice (D:8)
  Joseph (D:9)
  5 gargoyles
  A rime drake (D:14)
  An efreet (D:15)
  3 kobold demonologists (D:15)
  A yaktaur (D:15)
  10 trolls
  A hornet (D:12)
  A polar bear (D:14)
  Prince Ribbit (D:7)
  8 hippogriffs
  3 shadows
  2 centaur simulacra (D:14)
  4 wraiths
  2 wyverns
  27 yaks
  A steam dragon (D:10)
  3 wargs (Orc:2)
  3 water moccasins
  25 soldier ants
  An acid dragon (D:14)
  3 hell hounds (D:13)
  Duvessa (D:5)
  A porcupine (D:8)
  3 sky beasts
  6 black bears
  A hornet zombie (D:8)
  36 orc warriors
  An ice beast (D:14)
  4 necrophages
  3 phantoms
  10 ogres
  5 wolves (D:14)
  3 crocodiles
  33 centaurs
  4 boggarts (D:15)
  6 big kobolds
  11 bullfrogs
  A wyvern zombie (D:12)
  A hornet simulacrum (D:14)
  A wyvern skeleton (D:14)
  4 scorpions
  Dowan (D:5)
  22 killer bees
  19 wights
  4 howler monkeys
  3 electric eels (D:14)
  2 centaur zombies
  8 hounds
  A crimson imp (D:8)
  3 bullfrog zombies
  5 jellies
  2 bullfrog skeletons
  12 orc priests
  Crazy Yiuf (D:5)
  16 orc wizards
  3 centaur skeletons
  3 iguanas
  29 worker ants
  A killer bee zombie (D:8)
  A hound skeleton (D:6)
  Robin (D:3)
  11 gnolls
  10 adders
  A howler monkey skeleton (D:7)
  A shadow imp (D:8)
  4 white imps
  4 ufetubi
  An adder zombie (D:6)
  An adder skeleton (D:4)
  2 worms
  6 leopard geckos
  59 orcs
  2 ball pythons
  A bat (D:2)
  2 giant cockroaches
  9 goblins (D:3)
  2 hobgoblins (D:3)
  10 jackals
  4 quokkas
  A jackal skeleton (D:4)
  23 kobolds
  A leopard gecko zombie (D:6)
  2 quokka skeletons
  A quokka zombie (D:5)
  3 rats
569 creatures vanquished.

Vanquished Creatures (others)
  38 fungi (D:8)
  46 plants (D:8)
84 creatures vanquished.

Grand Total: 653 creatures vanquished

Notes
Turn   | Place    | Note
-------+----------+-------------------------------------------
     0 | D:1      | Flugslaktarn the Deep Dwarf Fighter began the quest for the
                  | Orb.
     0 | D:1      | Reached XP level 1. HP: 20/20 MP: 1/1
    34 | D:1      | You fall into a shaft and drop 1 floor!
   132 | D:2      | Reached XP level 2. HP: 18/27 MP: 2/2
   152 | D:3      | Noticed Robin
   184 | D:3      | Killed Robin
   184 | D:3      | Reached XP level 3. HP: 21/34 MP: 3/3
   186 | D:3      | Reached skill level 3 in Axes
   335 | D:4      | Found Akaoneli's Antique Weapon Shoppe.
   398 | D:4      | Reached XP level 4. HP: 36/42 MP: 4/4
   512 | D:4      | Found an iron altar of Okawaru.
   559 | D:4      | Reached XP level 5. HP: 30/50 MP: 5/5
   581 | D:4      | Reached skill level 4 in Axes
   612 | D:4      | Noticed an ogre
   622 | D:4      | Killed an ogre
   622 | D:4      | Reached XP level 6. HP: 44/57 MP: 6/6
   695 | D:4      | Found a staircase to the Ecumenical Temple.
   873 | Temple   | Entered the Ecumenical Temple
  1308 | D:5      | Entered Level 5 of the Dungeon
  1309 | D:5      | You fall into a shaft and drop 2 floors!
  1309 | D:7      | Found a white marble altar of Elyvilon.
  1365 | D:7      | Noticed a hippogriff
  1380 | D:7      | Killed a hippogriff
  1380 | D:7      | Reached skill level 5 in Axes
  1380 | D:7      | Reached XP level 7. HP: 37/66 MP: 7/7
  1431 | D:7      | Reached skill level 5 in Fighting
  1516 | D:7      | Reached skill level 5 in Shields
  1529 | D:7      | Noticed Prince Ribbit
  1604 | D:7      | Killed Prince Ribbit
  1604 | D:7      | Reached skill level 6 in Axes
  1604 | D:7      | Reached skill level 5 in Armour
  1606 | D:7      | Found a basalt altar of Yredelemnul.
  1736 | D:7      | Reached XP level 8. HP: 66/75 MP: 7/7
  1871 | D:6      | Found a sacrificial altar of Ru.
  1951 | D:5      | Found a runed translucent door.
  1952 | D:5      | Noticed Crazy Yiuf
  2070 | D:5      | Noticed Dowan
  2071 | D:5      | Noticed Duvessa
  2083 | D:5      | Killed Dowan
  2089 | D:5      | Reached skill level 7 in Axes
  2109 | D:5      | Killed Duvessa
  2244 | Temple   | Became a worshipper of Uskayaw the Reveler
  2572 | D:5      | Reached * piety under Uskayaw
  2576 | D:5      | Killed Crazy Yiuf
  2771 | D:6      | Reached ** piety under Uskayaw
  2811 | D:6      | Reached *** piety under Uskayaw
  2812 | D:6      | Reached skill level 1 in Invocations
  2976 | D:6      | Reached **** piety under Uskayaw
  3078 | D:6      | Gained mutation: You passively map the area around you.
                  | [Deep Dwarf growth]
  3078 | D:6      | Reached XP level 9. HP: 60/85 MP: 8/8
  3325 | D:6      | Found a runed translucent door.
  3326 | D:6      | Noticed Lanoc's ghost (novice DEIE)
  3409 | D:7      | Found Kevvot's Assorted Antiques.
  3445 | D:7      | Bought a scroll of identify for 44 gold pieces
  3445 | D:7      | Bought a scroll labeled BOABUEDOTI for 22 gold pieces
  3445 | D:7      | Bought a scroll labeled LATYFY USASIEN for 22 gold pieces
  3770 | D:8      | Found an opulent altar of Gozag.
  3796 | D:8      | Reached skill level 8 in Axes
  3801 | D:8      | Reached ***** piety under Uskayaw
  3934 | D:8      | Noticed Maurice
  3950 | D:8      | Killed Maurice
  3950 | D:8      | Reached skill level 9 in Axes
  3969 | D:8      | Found a staircase to the Lair.
  3986 | D:8      | Reached XP level 10. HP: 88/96 MP: 11/11
  4008 | D:8      | Reached ****** piety under Uskayaw
  4093 | D:8      | Found an ancient bone altar of Kikubaaqudgha.
  4212 | D:8      | Reached skill level 5 in Invocations
  4385 | D:8      | Noticed Harold
  4406 | D:8      | Killed Harold
  4507 | D:8      | Found a burning altar of Makhleb.
  4570 | D:8      | Found a shimmering blue altar of Sif Muna.
  4664 | D:9      | Reached skill level 10 in Axes
  4709 | D:9      | Found a sparkling altar of Nemelex Xobeh.
  4863 | D:9      | Noticed Joseph
  4905 | D:9      | Killed Joseph
  4938 | D:9      | Found a blossoming altar of Fedhas.
  5017 | D:9      | Noticed a two-headed ogre
  5032 | D:9      | Killed a two-headed ogre
  5032 | D:9      | Reached XP level 11. HP: 88/106 MP: 13/13
  5208 | D:10     | Entered Level 10 of the Dungeon
  5333 | D:10     | Found a staircase to the Orcish Mines.
  5454 | D:10     | Reached skill level 11 in Axes
  5851 | D:11     | Found a shimmering altar of Xom.
  5984 | D:11     | Noticed a purple ugly thing
  5995 | D:11     | Killed a purple ugly thing
  5995 | D:11     | Reached skill level 10 in Fighting
  6214 | D:11     | Reached XP level 12. HP: 117/117 MP: 16/16
  6522 | D:12     | Noticed an entropy weaver
  6529 | D:12     | Noticed a queen ant
  6530 | D:12     | Noticed an entropy weaver
  6558 | D:11     | HP: 4/117 [entropy weaver (11)]
  6750 | Orc:1    | Entered Level 1 of the Orcish Mines
  6775 | Orc:1    | Reached skill level 12 in Axes
  6810 | Orc:1    | Found Pujusog's Book Emporium.
  7186 | D:12     | Killed a queen ant
  7265 | D:12     | Killed an entropy weaver
  8350 | D:13     | Reached skill level 10 in Shields
  8424 | D:13     | Reached skill level 10 in Armour
  8481 | D:13     | Reached skill level 13 in Axes
  8523 | D:13     | Noticed Jorgrun
  8591 | D:13     | Killed Jorgrun
  8591 | D:13     | Reached XP level 13. HP: 67/127 MP: 13/13
  8823 | D:14     | Found a glowing golden altar of the Shining One.
  8925 | D:14     | Reached skill level 10 in Invocations
  9007 | D:14     | Found a gate to the Vaults.
  9007 | D:14     | Noticed an ironheart preserver
  9028 | D:14     | Killed an ironheart preserver
  9280 | D:14     | Found a frozen archway.
  9867 | D:15     | Entered Level 15 of the Dungeon
 10016 | D:15     | Reached skill level 1 in Evocations
 10109 | D:15     | Reached skill level 14 in Axes
 10771 | D:15     | Noticed a frost giant
 10772 | D:15     | Found a staircase to the Depths.
 10787 | D:15     | Killed a frost giant
 10808 | D:15     | Reached skill level 1 in Dodging
 11025 | Orc:2    | Entered Level 2 of the Orcish Mines
 11025 | Orc:2    | Noticed an orc warlord
 11031 | Orc:2    | Noticed Sonja
 11041 | Orc:2    | Killed Sonja
 11063 | Orc:2    | Killed an orc warlord
 11063 | Orc:2    | Gained mutation: You resist negative energy. (rN+) [Deep
                  | Dwarf growth]
 11063 | Orc:2    | Reached XP level 14. HP: 32/139 MP: 14/14
 11411 | Orc:2    | Noticed an orc warlord
 11434 | Orc:2    | Killed an orc warlord
 11540 | Orc:2    | Found a staircase to the Elven Halls.
 11544 | Orc:2    | Noticed an orc warlord
 11551 | Orc:2    | Noticed an orc warlord
 11568 | Orc:2    | HP: 3/139 [orc priest/divine providence[an orc warlord]
                  | (9)]
 11570 | Orc:2    | Mangled by an orc warrior

Illustrated notes

Levels and vault maps discovered:
D:1:      tarquinn_simple_flora_water_e, layout_basic, serial_co_window_serial,
          co_window_corner_a, co_window_corner_a, co_window_paths_b,
          co_window_paths_a, co_window_corner_a, co_window_paths_b,
          co_window_of_opportunity_a, co_window_paths_a, co_window_paths_b,
          co_window_broadway_a, co_window_corner_cb, co_window_paths_c,
          co_window_unsneaky_path_a, co_window_4corner_b
D:2:      layout_loops_cross
D:3:      layout_basic, portal_sewer_entry_f, uniq_robin, uniq_jessica
D:4:      layout_gridville, lemuel_round_altar, minmay_temple_entry_fiery,
          serial_shops, shop
D:5:      layout_rooms, uniq_duvessa, uniq_crazy_yiuf_cottage
D:6:      layout_loops_corners, gammafunk_ghost_grave, nicolae_ru_path_of_blood
D:7:      layout_loops_cross, kennysheep_little_box, elyvilon_altar_5,
          serial_shops, nicolae_shop_trees, hangedman_abyss_or_decor_stagger,
          minmay_crossroads, uniq_prince_ribbit1
D:8:      layout_gridville, nicolae_gozag_cash_rules_everything_around_me,
          marbit_many_paths, led_sif_book, makhleb_grotto_becter,
          due_lair_maze_entry_diamond, uniq_maurice, uniq_harold
D:9:      layout_roguey, kennysheep_mini_moat, fedhas_bush_and_centaur_altar,
          uniq_joseph
D:10:     layout_basic, orc_0_dummy
D:11:     layout_loops_ring, tgw_xom
D:12:     layout_basic, minivault_29
D:13:     layout_irregular_city, minmay_rotating_lava, uniq_jorgrun
D:14:     layout_long_grid, skrybe_vaults_entry_preservation, serial_ice,
          serial_ice_k, serial_ice_n, serial_ice_o, serial_ice_f,
          portal_ice_cave_entry_animals_and_master,
          nicolae_tso_carved_into_rock, st_stairs_8, minmay_more_statues
D:15:     grunt_enter_depths_snipers, layout_long_grid,
          hangedman_abyss_or_decor_lesser_grid, minmay_protected_statue
Temple:   dpeg_chambers_temple
Orc:1:    layout_caves, serial_shops, shop, shop, basic_altar
Orc:2:    st_orc_rangers, layout_caves, uniq_sonja

Skill      XL: |  1  2  3  4  5  6  7  8  9 10 11 12 13 14 |
---------------+-------------------------------------------+-----
Fighting       | 3 4 5 6 7 9 10 11 12 | 12.6
Axes           | 3 4 5 6 7 9 10 11 13 14 | 14.5
Armour         | 4 5 6 7 8 9 10 11 | 11.0
Shields        | 4 5 6 7 8 9 10 11 | 11.1
Invocations    | 1 4 6 8 9 10 11 | 11.1
Evocations     | 2 3 |  3.5
Dodging        | 1 2 |  2.6

Action                   |  1- 3 |  4- 6 |  7- 9 | 10-12 | 13-15 || total
-------------------------+-------+-------+-------+-------+-------++-------
Melee: War axe           |    79 |    86 |   398 |  1056 |   594 ||  2213
Invok: Stomp             |       |       |       |     1 |     3 ||     4
       Grand Finale      |       |       |       |     1 |     2 ||     3
 Abil: Heal Wounds       |     1 |     2 |    12 |    16 |    15 ||    46
Evoke: Wand              |       |       |       |     5 |     5 ||    10
  Use: Scroll            |       |       |    17 |     4 |     3 ||    24
       Potion            |       |       |       |     3 |     1 ||     4
 Stab: Paralysed         |       |       |    15 |   115 |    96 ||   226
Armor: Scale mail        |     3 |       |       |       |       ||     3
       Chain mail        |    36 |    57 |   145 |       |       ||   238
       Plate armour      |       |       |   101 |   640 |   412 ||  1153
Dodge: Dodged            |    25 |    22 |    79 |   185 |   159 ||   470
Block: Kite shield       |    41 |    47 |   221 |   610 |   414 ||  1333

Table legend: (Time is in decaauts)
 A = Elapsed time spent in this place.
 B = Non-inter-level travel time spent in this place.
 C = Inter-level travel time spent in this place.
 D = Time resting spent in this place.
 E = Time spent auto-exploring this place.
 F = Levels seen in this place.
 G = Mean time per level.
                   A        B        C        D        E       F      G
               +--------+--------+--------+--------+--------+-----+--------+
         Total |  11593 |  10833 |    760 |    179 |   7145 |  18 |  644.1 |
       Dungeon |  10602 |   9902 |    700 |    179 |   6522 |  15 |  706.8 |
        Temple |    267 |    233 |     34 |      0 |    229 |   1 |  267.0 |
  Orcish Mines |    724 |    699 |     25 |      0 |    394 |   2 |  362.0 |
               +--------+--------+--------+--------+--------+-----+--------+

Top non-repeatable levels by time:
    D:14: 1089 daAuts
    D:12: 1038 daAuts
    D:15: 1018 daAuts
     D:6: 926 daAuts
     D:8: 888 daAuts
     D:7: 887 daAuts
     D:4: 870 daAuts
    D:10: 797 daAuts
    D:13: 780 daAuts
    D:11: 773 daAuts
     D:5: 632 daAuts
     D:9: 579 daAuts
   Orc:2: 494 daAuts
  Temple: 267 daAuts
   Orc:1: 229 daAuts
